 Dungeon Crawl Stone Soup version 0.16-a0-38-g23a437e (webtiles) character file.

11583 Badjas the Fighter (level 11, -3/105 HPs)
             Began as a Minotaur Monk on Aug 4, 2014.
             Was a High Priest of Qazlal.
             Slain by a fire crab (11 damage)
             ... on Level 11 of the Dungeon.
             The game lasted 01:35:20 (12974 turns).

Badjas the Fighter (Minotaur Monk)                 Turns: 12974, Time: 01:35:20

HP  -3/105       AC 10     Str 18      XL: 11   Next: 51%
MP  12/12        EV 19     Int 12      God: Qazlal [*****.]
Gold 480         SH  6     Dex 14      Spells:  1 memorised,  9 levels left

rFire  + . .     SeeInvis .     a - +0 executioner's axe
rCold  . . .     Clarity  .     j - +3 leather armour "Verileem" {+Blink}
rNeg   . . .     rCorr    .     (no shield)
rPois  .         rRot     .     (helmet restricted)
rElec  .         Spirit   .     X - +1 cloak {+Inv}
SustAb .         Warding  .     l - +0 pair of gloves
rMut   .         Stasis   .     (no boots)
Gourm  +                        G - amulet of the gourmand
MR     .....                    U - ring "Skiukka" {+Rage EV+2 Str+1 Int+4}
                                I - +4 ring of slaying

@: protected from fire, repel missiles, not resistant to hostile enchantments,
very unstealthy
A: retaliatory headbutt, horns 2
a: Upheaval, Elemental Force, Disaster Area, Renounce Religion, Evoke Blink,
Evoke Berserk Rage, Evoke Invisibility


You were on level 11 of the Dungeon.
You worshipped Qazlal.
Qazlal was extremely pleased with you.
You were completely stuffed.

You visited 2 branches of the dungeon, and saw 12 of its levels.

You collected 480 gold pieces.

Inventory:

Hand weapons
 a - a +0 executioner's axe (weapon)
 b - a +0 blowgun
 o - a +0 quarterstaff of protection
 C - a +1 hand axe of venom
Missiles
 m - 2 tomahawks (quivered)
 p - 3 javelins
 z - 3 throwing nets
 A - 20 poisoned needles
 N - 3 steel javelins
Armour
 j - the +3 leather armour "Verileem" (worn) {+Blink}
   (You found it on level 5 of the Dungeon)

   It lets you blink.
 l - a +0 pair of gloves (worn)
 X - a +1 cloak of darkness (worn)
 Y - the +3 scale mail of Impatience {Str+1 Dex-1}
   (You took it off an orc on level 11 of the Dungeon)

   It affects your strength (+1).
   It affects your dexterity (-1).
Magical devices
 i - a wand of frost (4)
 M - a wand of lightning (0)
 P - a wand of random effects (5)
 S - a wand of enslavement (10)
 W - a wand of polymorph (15)
Comestibles
 q - 5 meat rations
 x - 10 bread rations
 J - a rotting chunk of yak flesh
Scrolls
 c - 5 scrolls of identify
 k - 2 scrolls of enchant weapon
 n - 5 scrolls of remove curse
 u - 2 scrolls of amnesia
 w - a scroll of fog
 B - 2 scrolls of magic mapping
 V - a scroll of recharging
 Z - 2 scrolls of enchant armour {unknown}
Jewellery
 e - an uncursed ring of positive energy
 f - an uncursed ring of sustain abilities
 g - an uncursed ring of protection from cold {unknown}
 t - an uncursed ring of positive energy
 v - an uncursed ring of magical power
 F - an uncursed ring of fire
 G - an amulet of the gourmand (around neck)
 I - a +4 ring of slaying (left hand)
 R - an uncursed ring of regeneration
 U - the ring "Skiukka" (right hand) {+Rage EV+2 Str+1 Int+4}
   (You found it on level 8 of the Dungeon)

   [ring of evasion]

   It affects your evasion (+2).
   It affects your strength (+1).
   It affects your intelligence (+4).
   It lets you go berserk.
Potions
 d - a potion of haste
 h - 3 potions of curing
 r - 2 potions of agility
 s - a potion of cancellation
 D - a potion of porridge
 L - a potion of resistance
 O - a potion of restore abilities
 T - 2 potions of flight
Books
 E - a book of Spatial Translocations

   Spells                             Type                      Level
   Apportation                        Translocation                1
   Blink                              Translocation                2
   Shroud of Golubria                 Charms/Translocation         2
   Portal Projectile                  Translocation                3
   Teleport Other                     Translocation                3
   Passage of Golubria                Translocation                4
 K - a book of Cantrips

   Spells                             Type                      Level
   Corona                             Hexes                        1
   *Animate Skeleton                  Necromancy                   1
   Summon Small Mammal                Summoning                    1
   Apportation                        Translocation                1
 Q - a book of Maledictions

   Spells                             Type                      Level
   Corona                             Hexes                        1
   Sure Blade                         Hexes/Charms                 2
   Ensorcelled Hibernation            Hexes/Ice                    2
   Confuse                            Hexes                        3
   Dazzling Spray                     Conjuration/Hexes            3
   Enslavement                        Hexes                        4


   Skills:
 * Level 12.3 Fighting
 * Level 6.6 Axes
   Level 0.7(2.4) Slings
 + Level 3.3(3.4) Throwing
 + Level 5.9 Armour
 + Level 10.5 Dodging
 - Level 2.3 Stealth
 - Level 9.1 Unarmed Combat
 + Level 0.6 Invocations
 * Level 4.7 Evocations


You had 9 spell levels left.
You knew the following spells:

 Your Spells              Type           Power        Failure   Level  Hunger
a - Animate Skeleton      Necr           N/A          34%         1    ##.....


Dungeon Overview and Level Annotations

Branches:
Dungeon (11/15)            Temple (1/1) D:4            Lair (0/8) D:11
    Orc: D:9-12

Altars:
Ashenzari
Cheibriados
Dithmenos
Elyvilon
Fedhas
Gozag
Kikubaaqudgha
Okawaru
Qazlal
Sif Muna
Trog
Vehumet
Xom
Yredelemnul
Zin

Annotations:
D:9 exclusion: oklob plant


Innate Abilities, Weirdness & Mutations

You reflexively headbutt those who attack you in melee.
You have a pair of horns on your head.


Message History

* * * LOW HITPOINT WARNING * * *
The fire crab breathes flames at you. The blast of flame engulfs you!
You resist.
* * * LOW HITPOINT WARNING * * *
Read which item? (? for menu, Esc to quit)
Okay, then.
Unknown command.
Press: ? - help, v - describe, . - travel The floor.
There is a cloud of flame here.
Unknown command.
Evoke which item? (* to show all) (? for menu, Esc to quit)
Zapping:
S - a wand of enslavement {zapped: 3}
Press: ? - help, Shift-Dir - straight line, f - fire crab
Aim: a fire crab (flame)
The fire crab easily resists.
You are engulfed in roaring flames.
You resist.
You feel more protected from fire.
* * * LOW HITPOINT WARNING * * *
The fire crab bites you!
You die...

.......#
##################
#................#
##..#......#####.#
.....PP..P..P# #.#
###.P...PPP..###§#
##....PPP.P...##§#
%%%.%PPPP.P..P##§#
........P.PP.P.#@#
%...PP.P..PPP..#t#
..PPPPP.P.PP...§§#
....P..PP..P...§§#
P.P..PP.P.P....P.#
)..PP.PP>P...P...#
P..PPP.P.PP.P.P..#
..P..P..PP..P....#
....P.PPP.PP.P.P.#


You could see a fire crab.

Vanquished Creatures
  2 hill giants (D:10)
  An unseen horror (D:11)
  Maurice (D:8)
  Joseph (D:9)
  A gargoyle (D:10)
  A komodo dragon (D:11)
  2 two-headed ogres (D:10)
  A merfolk (D:9)
  11 yaks
  A deep elf mage (D:9)
  A hill giant zombie (D:9)
  A hungry ghost (D:10)
  Eustachio (D:9)
  Grum (D:9)
  A steam dragon (D:11)
  2 hippogriffs (D:7)
  3 wolves (D:9)
  Edmund (D:7)
  5 ogres
  A phantom (D:7)
  A water moccasin (D:8)
  2 sky beasts
  4 orc warriors
  An ice beast (D:10)
  2 black bears
  3 yellow wasps
  4 centaurs
  7 giant frogs
  3 big kobolds (D:9)
  A komodo dragon skeleton (D:11)
  A hippogriff zombie (D:8)
  3 scorpions
  6 killer bees (D:9)
  A hippogriff skeleton (D:5)
  8 crimson imps
  A giant frog zombie (D:8)
  A quasit (D:7)
  A centaur skeleton (D:5)
  3 jellies
  Crazy Yiuf (D:4)
  7 hounds
  7 iguanas
  6 orc priests
  12 orc wizards
  7 worker ants
  Ijyb (D:7)
  2 hound zombies
  An ogre skeleton (D:4)
  2 big kobold skeletons (D:9)
  Terence (D:3)
  A hound skeleton (D:9)
  11 adders
  A green rat (D:11)
  An orc zombie (D:9)
  An orc skeleton (D:9)
  2 shadow imps
  2 giant mites
  A white imp (D:5)
  3 worms (D:2)
  7 giant geckos
  36 orcs
  A ball python (D:3)
  10 giant cockroaches
  8 goblins
  9 hobgoblins
  11 jackals
  27 kobolds
  2 quokkas
  A ball python zombie (D:6)
  12 bats
  3 giant newts
  A hobgoblin zombie (D:6)
  5 kobold skeletons
  A kobold zombie (D:7)
  13 rats
  2 ballistomycetes (D:8)
  7 fungi
  4 plants
322 creatures vanquished.

Vanquished Creatures (collateral kills)
  3 yaks
  An orc skeleton (D:11)
  An orc (D:10)
  A jackal (D:10)
6 creatures vanquished.

Vanquished Creatures (others)
  3 orcs
  A giant spore (D:8)
  A green rat skeleton (D:11)
  8 fungi (D:11)
  4 plants (D:11)
  15 toadstools
32 creatures vanquished.

Grand Total: 360 creatures vanquished

Notes
Turn   | Place    | Note
--------------------------------------------------------------
     0 | D:1      | Badjas, the Minotaur Monk, began the quest for the Orb.
     0 | D:1      | Reached XP level 1. HP: 19/19 MP: 1/1
   497 | D:1      | Reached XP level 2. HP: 27/27 MP: 1/1
   951 | D:2      | Reached XP level 3. HP: 19/33 MP: 2/2
  1137 | D:2      | Reached skill level 5 in Unarmed Combat
  1578 | D:2      | Reached XP level 4. HP: 27/41 MP: 2/2
  2082 | D:3      | Noticed Terence
  2595 | D:3      | Killed Terence
  2638 | D:3      | Reached XP level 5. HP: 10/47 MP: 2/2
  3110 | D:3      | Reached skill level 5 in Fighting
  3234 | D:3      | Found a glowing silver altar of Zin.
  3433 | D:4      | Reached skill level 1 in Armour
  3438 | D:4      | Reached XP level 6. HP: 50/56 MP: 3/3
  3443 | D:4      | Reached skill level 1 in Throwing
  3874 | D:4      | Found a staircase to the Ecumenical Temple.
  3884 | Temple   | Entered the Ecumenical Temple
  3984 | Temple   | Became a worshipper of Qazlal Stormbringer
  3984 | Temple   | Acquired Qazlal's first power
  3984 | Temple   | Acquired Qazlal's second power
  4077 | D:4      | Reached skill level 6 in Unarmed Combat
  4175 | D:4      | Reached skill level 5 in Dodging
  4228 | D:4      | Found a snail-covered altar of Cheibriados.
  4494 | D:4      | Noticed Crazy Yiuf
  4571 | D:4      | Killed Crazy Yiuf
  4682 | D:5      | Entered Level 5 of the Dungeon
  4706 | D:5      | Got a dazzling leather armour
  4727 | D:5      | Identified the +3 leather armour "Verileem" {+Blink} (You found it on level 5 of the Dungeon)
  4851 | D:5      | Reached XP level 7. HP: 58/61 MP: 3/3
  5563 | D:5      | Found a basalt altar of Yredelemnul.
  5881 | D:5      | Reached XP level 8. HP: 38/71 MP: 3/3
  5988 | D:5      | Reached skill level 7 in Unarmed Combat
  7440 | D:7      | Reached skill level 8 in Fighting
  7445 | D:7      | Found a shimmering altar of Xom.
  7597 | D:7      | Reached XP level 9. HP: 79/82 MP: 4/4
  7599 | D:7      | Noticed Ijyb
  7602 | D:7      | Noticed Edmund
  7614 | D:7      | Killed Edmund
  7614 | D:7      | Killed Ijyb
  7899 | D:7      | Found a deep blue altar of Sif Muna.
  7921 | D:7      | Found a radiant altar of Vehumet.
  8168 | D:7      | Acquired Qazlal's third power
  8252 | D:7      | Reached skill level 9 in Fighting
  8508 | D:8      | Learned a level 1 spell: Animate Skeleton
  8532 | D:8      | Got a slimy glass ring
  8542 | D:8      | Noticed a skeletal warrior
  8542 | D:8      | Noticed a skeletal warrior
  8651 | D:8      | Noticed a skeletal warrior
  8668 | D:8      | Noticed a skeletal warrior
  8673 | D:8      | Noticed Maurice
  8698 | D:8      | Found a shattered altar of Ashenzari.
  9286 | D:8      | Killed Maurice
  9324 | D:9      | Noticed Joseph
  9662 | D:7      | Identified the ring "Skiukka" {+Rage EV+2 Str+1 Int+4} (You found it on level 8 of the Dungeon)
 10083 | D:9      | Reached skill level 5 in Armour
 10083 | D:9      | Reached skill level 1 in Evocations
 10207 | D:9      | Found a blossoming altar of Fedhas.
 10232 | D:9      | Noticed an oklob plant
 10335 | D:9      | Reached XP level 10. HP: 93/93 MP: 5/5
 10421 | D:9      | Reached skill level 10 in Fighting
 10474 | D:9      | Reached skill level 1 in Axes
 10485 | D:9      | Acquired Qazlal's fourth power
 10542 | D:9      | Noticed Eustachio
 10560 | D:9      | Killed Eustachio
 10759 | D:9      | Killed Joseph
 11055 | D:9      | Noticed Grum
 11065 | D:9      | Killed Grum
 11297 | D:9      | Reached skill level 11 in Fighting
 11570 | D:10     | Entered Level 10 of the Dungeon
 11582 | D:10     | Noticed a hill giant
 11587 | D:9      | Reached skill level 10 in Dodging
 11911 | D:10     | Killed a hill giant
 11975 | D:10     | Reached XP level 11. HP: 75/104 MP: 11/11
 12464 | D:10     | Noticed a hill giant
 12478 | D:10     | Killed a hill giant
 12547 | D:11     | Reached skill level 12 in Fighting
 12622 | D:11     | Acquired Qazlal's fifth power
 12716 | D:11     | Reached skill level 5 in Axes
 12717 | D:11     | Killed an unseen horror
 12857 | D:11     | Found a staircase to the Lair.
 12883 | D:11     | Got a fine scale mail
 12895 | D:11     | Identified the +3 scale mail of Impatience {Str+1 Dex-1} (You took it off an orc on level 11 of the Dungeon)
 12970 | D:11     | Noticed a fire crab
 12974 | D:11     | Slain by a fire crab

Action                   |  1- 3 |  4- 6 |  7- 9 | 10-12 || total
-------------------------+-------+-------+-------+-------++-------
Melee: Unarmed           |    92 |   177 |   379 |   104 ||   752
       Dagger            |       |     2 |       |       ||     2
       Executioner's axe |       |       |       |    98 ||    98
 Fire: Blowgun           |       |    26 |       |    12 ||    38
       Hunting sling     |       |     2 |       |       ||     2
Throw: Stone             |       |     4 |       |       ||     4
       Tomahawk          |       |       |     2 |       ||     2
 Cast: Animate Skeleton  |       |       |     3 |     5 ||     8
Invok: Upheaval          |       |       |     1 |       ||     1
 Abil: Evoke Blink       |       |       |     5 |     3 ||     8
Evoke: Wand              |       |       |     4 |     4 ||     8
  Use: Scroll            |       |     5 |    10 |     1 ||    16
       Potion            |       |     1 |     2 |     1 ||     4
 Stab: Sleeping          |     1 |     2 |       |       ||     3
  Eat: Chunk             |     2 |     6 |    15 |    32 ||    55
       Royal jelly       |       |     1 |       |       ||     1
       Beef jerky        |       |     1 |       |       ||     1
       Meat ration       |       |       |     1 |       ||     1
       Pizza             |       |       |     1 |       ||     1
